[Event "44th Chess Olympiad Open 2022"]
[Site "Chennai"]
[Date "2022.07.30"]
[Round "2.82"]
[White "Hassan Sidi Mohamed Cheikh"]
[Black "Mohamed Ali Djama"]
[Result "1-0"]
[WhiteElo "1825"]
[BlackElo "1629"]
[Annotator "NA RC"]
[PlyCount "129"]
[EventDate "2022.??.??"]
[TimeControl "60"]

1. e4 e5 2. Nf3 Nc6 3. d4 exd4 4. Bc4 Be7 5. c3 d6 6. Qb3 Na5 7. Bxf7+ Kf8 8. Qa4 c6 9. Bxg8 Rxg8 10. Qxd4 c5 11. Qd3 Bd7 12. Bf4 Be6 13. Nbd2 g5 14. Be3 g4 15. Bh6+ Kf7 16. Ng1 Nc6 17. f4 gxf3 18. Qxf3+ Ke8 19. Ne2 Ne5 20. Qh5+ Bf7 21. Qh3 Rg6 22. Nf4 Rxh6 23. Qxh6 Bg5 24. Qxh7 Bxf4 25. Qh8+ Kd7 26. Qh3+ Kc7 27. Nb3 c4 28. O-O Qg5 29. Nd4 Re8 30. Rad1 Nd3 31. b3 Bh5 32. Ne6+ Rxe6 33. Qxe6 Bxd1 34. Qxc4+ Nc5 35. Rxd1 Kb8 36. b4 Qg4 37. Rf1 Nxe4 38. Rf3 a6 39. Qf7 Be5 40. Qf5 Qxf5 41. Rxf5 Nxc3 42. h4 Ne2+ 43. Kf2 Nd4 44. Rf7 Ka7 45. g4 Kb6 46. g5 Ne6 47. Kf3 Kc6 48.
Ke4 Bg3 49. Kf5 Bxh4 50. g6 Kd5 51. Rxb7 Nd4+ 52. Kg4 Bf6 53.
Ra7 Kc4 54. Rxa6 Kxb4 55. Rxd6 Be5 56. Rd5 Bg7 57. Rd7 Be5 58. Kg5 Ka3 59. Ra7+ Kb4 60. Kh6 Nb5 61. Re7 Bf6 62. Rf7 Bc3 63. Rf4+ Ka3 64. Rf3 Kxa2 65. Rxc3 1-0

[Event "44th Chess Olympiad Open 2022"]
[Site "Chennai"]
[Date "2022.07.30"]
[Round "2.83"]
[White "Stratonowitsch, Andre"]
[Black "Ayyad, Maher"]
[Result "1/2-1/2"]
[WhiteElo "2142"]
[BlackElo "2101"]
[Annotator "NA RC"]
[PlyCount "59"]
[EventDate "2022.??.??"]
[TimeControl "60"]

1. e4 c5 2. Nf3 e6 3. d4 cxd4 4. Nxd4 Nf6 5. Nc3 Nc6 6. Ndb5 Bb4 7. a3 Bxc3+ 8. Nxc3 d5 9. exd5 exd5 10. Bd3 d4 11. Qe2+ Be6 12. Ne4 Nxe4 13. Qxe4 Qa5+ 14. Bd2 Qe5 15. O-O-O Qxe4 16. Bxe4 O-O 17. Bxc6 bxc6 18. Bb4 Rfd8 19. Bc5 d3 20. Rxd3 Rxd3 21. cxd3 a5 22. Re1 a4 23. Bb4 Rc8 24. d4 Rd8 25. Bc5 Re8 26. Kd2 f6 27. Kc3 Kf7 28.
g3 Bd5 29. Rxe8 Kxe8 30. Kb4 1/2-1/2

[Event "44th Chess Olympiad Open 2022"]
[Site "Chennai"]
[Date "2022.07.30"]
[Round "2.83"]
[White "Shaker, Musab"]
[Black "Ramachandran, R..."]
[Result "1-0"]
[WhiteElo "1705"]
[BlackElo "1994"]
[Annotator "NA RC"]
[PlyCount "59"]
[EventDate "2022.??.??"]
[TimeControl "60"]

1. d4 d5 2. Nf3 Nf6 3. Bf4 g6 4. c4 Bg7 5. e3 O-O 6. Be2 Nc6 7. Nc3 Bf5 8. O-O Re8 9. h3 Ne4 10. Nxd5 e5 11. dxe5 Nxe5 12. Nxe5 Bxe5 13. Bxe5 Rxe5 14. Bg4 Bxg4 15. Qxg4 c6 16. Qf4 Qg5 17. Qxg5 Nxg5 18. f4 Nxh3+ 19. gxh3 cxd5 20. fxe5 dxc4 21.
Rfd1 b5 22. Rd5 a6 23. Rad1 Kg7 24. Rd8 Ra7 25. R1d7 Rxd7 26. Rxd7 b4 27. e6 c3 28. Rxf7+ Kh6 29. bxc3 bxc3 30. Rc7 1-0

[Event "44th Chess Olympiad Open 2022"]
[Site "Chennai"]
[Date "2022.07.30"]
[Round "2.83"]
[White "Pillay, Ragul"]
[Black "Al-Burshaid, Ebrahim"]
[Result "0-1"]
[WhiteElo "1341"]
[BlackElo "1702"]
[Annotator "NA RC"]
[PlyCount "74"]
[EventDate "2022.??.??"]
[TimeControl "60"]

1. d4 Nf6 2. c4 e6 3. Nc3 Bb4 4. Nf3 b6 5. Bf4 Bb7 6. a3 Bxc3+ 7. bxc3 Ne4 8.
Qc2 O-O 9. e3 f5 10. Rd1 d6 11. Bd3 Nd7 12. g4 Nxc3 13. Qxc3 Bxf3 14. Rg1 Bxd1 15. Kxd1 e5 16. dxe5 dxe5 17. gxf5 Nc5 18. Qxe5 Qxd3+ 19. Kc1 Qxc4+ 20. Kb1 Qb3+ 21. Ka1 Qxa3+ 22. Kb1 Qb3+ 23. Ka1 Qa4+ 24. Kb1 Qe4+ 25. Ka1 Qxe5+ 26. Bxe5 Rf7 27. f6 g6 28. h4 Nd7 29. Bxc7 Nxf6 30. Be5 Re8 31. Bd4 Re4 32. f4 Rxd4 33. exd4 Nd5 34. h5 Kg7 35. hxg6 hxg6 36. Kb2 Rxf4 37. Rd1 Rf3 0-1

[Event "44th Chess Olympiad Open 2022"]
[Site "Chennai"]
[Date "2022.07.30"]
[Round "2.84"]
[White "Escalante Ramirez, Brian Sebasti"]
[Black "Alharthi, Ahmed Mohammed A"]
[Result "0-1"]
[WhiteElo "2496"]
[BlackElo "1935"]
[Annotator "TA"]
[PlyCount "148"]
[EventDate "2022.??.??"]
[TimeControl "60"]

1. c4 Nf6 2. Nc3 g6 3. g3 Bg7 4. Bg2 O-O 5. e3 d6 6. Nge2 Nc6 7. O-O e5 8. b3 Nh5 {
[%emt 0:02:22] A25: English Opening vs King's Indian with ...Nc6 but without
early d3.} 9. Bb2 f5 10. Nd5 {[%emt 0:01:42]
Against f4} Be6 {[%emt 0:06:19] The position is equal.} 11. d4 {[%emt 0:01:05]
[#]} Qd7 $146 ({Predecessor:} 11... e4 12. Ndc3 Nb4 13. Rb1
Nd3 14. Ba1 Qg5 15. Nc1 Nxc1 16. Rxc1 Rae8 17. Rc2 Bc8 {1-0 (31) Sega,C (2323)
-Reeves,N (1709) Dos Hermanas 2004}) 12. Rc1 e4 13. Nef4 Nxf4 14. Nxf4 Bf7 15. Qd2 a5 16. a3 h6 17. f3 g5 18. Nd5 exf3 19. Bxf3 Ne7 20. Nxe7+ Qxe7 21. Qd3 c6 22. Rce1 Bg6 23. Re2 Rae8 24. Rfe1 Qf6 ({Better is} 24... Qf7 $11 25. Qc3 Bh5) 25. d5 $14 f4 26. Bxf6 $2 (26. Qd1 $16 {
is necessary to keep the advantage.} Qd8 27. Bxg7 (27. dxc6 Bxb2 28. Rxb2 bxc6
$16) 27... Kxg7 28. exf4) 26... Bxd3 $17 27. Bxg7 (27. Rd2 $17 {was the only chance.} Rxf6 28. Rxd3 fxg3 29. Bh5 gxh2+ 30.
Kxh2) 27... Bxe2 $2 (27... Kxg7 $19 28. Rd2 Rxe3) 28. Bxf8 $11 Bxf3 29. Bxh6 fxg3 30. hxg3 cxd5 31. cxd5 $16 {[%emt 0:
00:00] Endgame KRB-KRB} Re5 32. Kf2 Bxd5 33. e4 Bxb3 34. Kf3 (34. Rc1 $1 $11 {remains equal.}) 34... Kh7 (34... Kf7
$17 35. Rb1 a4) 35. Bf8 $15 Re6 36. Kg4 (36. Rh1+ $1 $15 Kg8 37. Bh6) 36... Kg8 (36...
Kg6 $1 $17 {Hoping for ...Rf6.} 37. Rb1 Bc4 38. Rxb7 Rxe4+ 39. Kh3 g4+ 40. Kh4
Re1 41. Rg7+ Kf6) 37. Rf1 {[%emt 0:00:18] Prevents Rf6.} Rxe4+ 38. Kxg5 Re5+ 39. Kh4 Re6 40. g4 Bc4 41. Rf4 b5 42. g5 d5 43. Bc5 Re2 44. Rf8+ Kg7 {[%emt 0:00:00][%cal Yd5d4] aiming for ...d4!} 45. Ra8 Re4+ 46. Kg3 d4 47. Rxa5 d3 48. Ra7+ Kg6 49. Rd7 Kxg5 50. Bb4 Kf5 51. Kf3 {[%emt 0:00:00] Against Re3+} (51. Bc3 $11 {
keeps the balance.}) 51... Re2 (51... Re5 $1 $17 {Strongly
threatening ...Bd5+.} 52. Bd2 Bd5+ 53. Kg3 Re2 $1) 52. Rd8 $11 {[%emt 0:00:00]
Inhibits Bd5+.} Re6 53. Rd4 Re5 54. Rd8 {[%emt 0:00:00] This costs White the game.} (54. Rf4+ $11 Ke6 55.
Rd4) 54... Bd5+ $19 55. Kf2 Re2+ 56. Kf1 $2 (56. Kg3 Be4 57. Rf8+ Ke5 58. Bc3+ Kd5 59. Re8
) 56... Bc4 {[%emt 0:00:00] Threatens to win with ...d2.} 57. Kg1 Ke4 58. Rd7 Bd5 (58...
Ra2 $142 {And now ...Bd5 would win.} 59. Rd8 Ke3 60. Re8+ Kf3 61. Rf8+ Kg3 62.
Be1+ Kg4) 59. Re7+ {[%emt 0:00:00] [#]} Kf3 $1 60. Rd7 d2 61. Rxd5 {[%emt 0:00:00] KRB-KR} Re1+ $1 62. Kh2 d1=Q {[%emt 0:00:00] ( -> ...Rh1#)}
63. Rxd1 Rxd1 {[%emt 0:00:00] KR-KB} 64. Be7 {[%emt 0:00:00]
Black mates.} Rf1 65. Bc5 Ke4 66. Kg2 Rf7 67. Bd6 Kd4 68. Bb4 Kc4 69. Bd6 Kb3 70. Bc5 Rc7 71.
Bd6 Ra7 72. Kf2 Rxa3 73. Bxa3 Kxa3 74. Ke2 Ka2 {[%emt 0:00:12] Weighted Error Value: White=0.52/Black=0.
24 (precise)} 0-1

[Event "44th Chess Olympiad Open 2022"]
[Site "Chennai"]
[Date "2022.07.30"]
[Round "2.84"]
[White "Al Mutairi, Abdullah F"]
[Black "Enemchukwu Chinedu Benjamin"]
[Result "0-1"]
[WhiteElo "1916"]
[BlackElo "1889"]
[Annotator "NA RC"]
[PlyCount "174"]
[EventDate "2022.??.??"]
[TimeControl "60"]

1. d4 c5 2. dxc5 e6 3. b4 a5 4. Nc3 axb4 5. Ne4 Nf6 6. Bg5 Be7 7. Nd6+ Bxd6 8. cxd6 Ra5 9. Nf3 Rd5 10. Qc1 Nc6 11. e4 Ra5 12. Bd3 h6 13. Bh4 e5 14. O-O O-O 15. Re1 Re8 16. Bc4 b6 17. Qd2 Bb7 18. Rad1 Rc5 19. Bb3 Ba6 20. h3 Bc4 21. g4 Bxb3 22. axb3 Rc3 23. Re3 g5 24. Rxc3 Nxe4 25. Qe3 Nxc3 26. Rd2 gxh4 27. Qxh6 Re6 28. Qh5 Qf6 29. Ng5 Qg6 30. Qxh4 Qh6 31. Nf3 Qxh4 32. Nxh4 Ne4 33. Rd5 Nxd6 34. Ng2 Nd4 35. Ne3 Kf8 36. h4 Nf3+ 37. Kg2 Nxh4+ 38. Kg3 Ng6 39. f3 Nf4 40. Rd1 Ke7 41. Ra1 Ne2+ 42. Kf2 Nc3 43. Ra8 Rg6 44. Rb8 b5 45. Ke1 f5 46. Rh8 fxg4 47. Nxg4 Ke6 48. Rh5 Nf5 49. Rh8 e4 50. Re8+ Kf7 51. Re5 Nd6 52. Rh5 Rg7 53. Ne5+ Ke6 54. fxe4 Ndxe4 55. Nf3 d5 56. Nd4+ Kd7 57. Rh1 Re7 58. Rh8 Nd6+ 59. Kd2 Rg7 60. Ke3 Rg3+ 61. Kf4 Rg2 62. Rh7+ Kc8 63. Ke5 Ne8 64. Nc6 Rg7 65. Rh8 Kd7 66. Nxb4 Nc7 67. Kd4 Ne2+ 68. Kc5 Nf4 69. Kb6 Rg6+ 70. Kb7 Nfe6 71. Rh7+ Kd6 72. Kb6 Ke5 73. Rh5+ Kd4 74. Rh4+ Kc3 75. Kc6 d4 76. Nd3 Kxc2 77. Ne5 Rg5 78. Kd6 Kxb3 79. Rh3+ Ka4 80. Rd3 Rxe5 81. Kxe5 b4 82. Rd1 b3 83. Ke4 b2 84. Kd3 Kb3 85. Rh1 Na6 86. Kd2 Nec5 87. Rb1 Ka2 0-1

[Event "44th Chess Olympiad Open 2022"]
[Site "Chennai"]
[Date "2022.07.30"]
[Round "2.85"]
[White "Amini, Habibullah"]
[Black "Bridet, Robert"]
[Result "1-0"]
[WhiteElo "2035"]
[BlackElo "1497"]
[Annotator "NA RC"]
[PlyCount "53"]
[EventDate "2022.??.??"]
[TimeControl "60"]

1. d4 e6 2. Bf4 Nf6 3. e3 Be7 4. c3 d5 5. Nd2 O-O 6. Ngf3 Nbd7 7. Bd3 c5 8. Ne5 c4 9. Bc2 Nxe5 10. dxe5 Nd7 11. h4 f5 12. exf6 Nxf6 13.
Be5 Qe8 14. h5 Qf7 15. f4 b5 16. g4 Bb7 17. g5 Ne4 18. Nxe4 dxe4 19. Qg4 Qf5 20. Qg3 Rad8 21. Bd1 Bc5 22. Bg4 Qf7 23. g6 Qe7 24. Bxe6+ Kh8 25. h6 Rf6 26. hxg7+ Qxg7 27. Bxf6 1-0

[Event "44th Chess Olympiad Open 2022"]
[Site "Chennai"]
[Date "2022.07.30"]
[Round "2.85"]
[White "Sulaiman, Ahmad Ashrafi"]
[Black "Thomas, Larry"]
[Result "1-0"]
[WhiteElo "1953"]
[BlackElo "1317"]
[Annotator "NA"]
[PlyCount "95"]
[EventDate "2022.??.??"]
[TimeControl "60"]

1. d4 Nf6 2. Nf3 g6 3. Bf4 d5 4. e3 Bg7 5. h3 a6 6. a4 O-O 7. Nbd2 c6 8. c3 Re8 9. Be2 Nfd7 10. O-O e5 11. dxe5 Nxe5 12. Nxe5 Bxe5 13. Bxe5 Rxe5 14. Nf3 Re8 15. a5 Nd7 16. c4 Ne5 17. cxd5 Qxd5 18. Qxd5 cxd5 19. Rfd1 Nc6 20. Rxd5 Be6 21. Rc5 Red8 22. Rac1 Rd5 23. Rxd5 Bxd5 24. Rc5 Ne7 25. Nd4 Rc8 26. Rxc8+ Nxc8 27. f3 Nd6 28. e4 Bc4 29. Kf2 Kf8 30. b4 Ke8 31. e5 Bxe2 32. Kxe2 Nc8 33. Kd3 Kd7 34. f4 Ne7 35. Kc4 Kc7 36. Kc5 Nc8 37. g4 h6 38. b5 axb5 39. Nxb5+ Kd7 40. Nd6 Nxd6 41. exd6 f6 42. f5 g5 43. Kd5 Kd8 44. Ke6 Ke8 45. d7+ Kd8 46. Kd6 h5 47. gxh5 g4 48. h6 1-0

[Event "44th Chess Olympiad Open 2022"]
[Site "Chennai"]
[Date "2022.07.30"]
[Round "2.86"]
[White "Yan, Austin K"]
[Black "Christopher, Art"]
[Result "1-0"]
[WhiteElo "1568"]
[BlackElo "1616"]
[Annotator "NA"]
[PlyCount "77"]
[EventDate "2022.??.??"]
[TimeControl "60"]

1. e4 e5 2. Nf3 Nf6 3. Nc3 d6 4. d4 exd4 5. Nxd4 Be7 6. Be2 O-O 7. Be3 Nc6 8. f3 a6 9. Qd2 Nxd4 10. Bxd4 c5 11. Be3 b5 12. O-O Qc7 13.
Rfd1 Bb7 14. Nd5 Bxd5 15. exd5 Nd7 16. a4 b4 17. a5 Bf6 18. c3 bxc3 19. bxc3 Rfe8 20. Bf1 Ne5 21. Bg5 Bxg5 22. Qxg5 h6 23. Qg3 c4 24. Rd4 Qc5 25. h4 Rab8 26. Kh2 Rb3 27. f4 Qxd4 28. cxd4 Rxg3 29. Kxg3 Nd3 30. Kf3 f5 31. Rd1 Nb2 32. Rb1 c3 33. Rc1 Re4 34. Rxc3 Rxd4 35. Rb3 Na4 36. Bxa6 Rxd5 37. Bc4 Nc5 38. Bxd5+ Kh7 39. Rb6 1-0

[Event "44th Chess Olympiad Open 2022"]
[Site "Chennai"]
[Date "2022.07.30"]
[Round "2.87"]
[White "Senglek, Khonsavanh"]
[Black "Ali Abdullahi, Farah"]
[Result "0-1"]
[WhiteElo "1253"]
[BlackElo "1892"]
[Annotator "NA RC"]
[PlyCount "60"]
[EventDate "2022.??.??"]
[TimeControl "60"]

1. e4 b6 2. d4 Bb7 3. Nc3 e6 4. a3 Nf6 5. Bd3 c5 6. d5 exd5 7. exd5 d6 8. Bg5 Be7 9. Nf3 h6 10. Be3 O-O 11. Qd2 Ng4 12. Bf4 Nd7 13. Ne4 Nde5 14. c4 f5 15. Ng3 Bc8 16. h3 Nxf3+ 17. gxf3 Ne5 18. Bxe5 dxe5 19. Rg1 Qe8 20. Bc2 Bh4 21. Qd3 Bg5 22. d6 Be6 23. Rh1 Qf7 24. b3 b5 25. cxb5 c4 26. bxc4 e4 27. fxe4 Bxc4 28. Qf3 Qe6 29. Rb1 Qxd6 30. Rd1 Qb6 0-1

[Event "44th Chess Olympiad Open 2022"]
[Site "Chennai"]
[Date "2022.07.30"]
[Round "2.89"]
[White "Ihsan Mohamed N T"]
[Black "Fomevor, Cephas Clinton"]
[Result "0-1"]
[WhiteElo "1208"]
[BlackElo "1830"]
[Annotator "NA RC"]
[PlyCount "72"]
[EventDate "2022.??.??"]
[TimeControl "60"]

1. d4 d5 2. Nc3 Nf6 3. e3 Bf5 4. Nf3 e6 5. Bb5+ c6 6. Bd3 Bg4 7. O-O Be7 8. Be2 Nbd7 9. Ne5 Nxe5 10. dxe5 Bxe2 11. Qxe2 Nd7 12. e4 d4 13. Nd1 Nxe5 14. Bf4 Bf6 15. c3 O-O 16. cxd4 Qxd4 17. Be3 Qxe4 18. Nc3 Qg6 19. Bc5 Rfd8 20. Rad1 h5 21. h3 Nd3 22. Ne4 Nf4 23.
Qf3 Nxh3+ 24. Qxh3 Qxe4 25. b4 h4 26. g3 Rd3 27. Rde1 Qg6 28.
Re3 b6 29. Bxb6 axb6 30. Rd1 Rxd1+ 31. Kg2 Qb1 32. Kf3 Qxa2 33. gxh4 Qd5+ 34. Kg3 Rg1+ 35. Kf4 g5+ 36. hxg5 Bxg5# 0-1

[Event "44th Chess Olympiad Open 2022"]
[Site "Chennai"]
[Date "2022.07.30"]
[Round "2.92"]
[White "Stanley, Samson P."]
[Black "Kannappan, Thanneermalai"]
[Result "0-1"]
[WhiteElo "1877"]
[BlackElo "1699"]
[Annotator "NA RC"]
[PlyCount "68"]
[EventDate "2022.??.??"]
[TimeControl "60"]

1. d4 Nf6 2. Nf3 g6 3. Nc3 d5 4. Bf4 Bg7 5. e3 O-O 6. b4 Nh5 7. Be5 f6 8. Bf4 Nxf4 9. exf4 Qd6 10. Qd3 Qxb4 11. Be2 Bf5 12. Qd2 c6 13. O-O Qd6 14. Bd3 Bxd3 15. cxd3 Nd7 16. a4 e5 17. a5 exd4 18. Nxd4 f5 19. Qa2 Bxd4 20. Ne2 Bxa1 21. Rxa1 Nc5 22. d4 Nd3 23. g3 Rae8 24. f3 Qe6 25. Qd2 Qxe2 26. Qxe2 Rxe2 27. g4 Rfe8 28. h3 Rd2 29. h4 Ree2 30. g5 Nxf4 31. Rb1 Rg2+ 32. Kf1 Rdf2+ 33. Ke1 Nd3+ 34. Kd1 Rd2# 0-1

[Event "44th Chess Olympiad Open 2022"]
[Site "Chennai"]
[Date "2022.07.31"]
[Round "3.1"]
[White "Harikrishna, Pentala"]
[Black "Mastrovasilis, Dimitrios"]
[Result "1-0"]
[WhiteElo "2720"]
[BlackElo "2599"]
[Annotator "TA"]
[PlyCount "59"]
[EventDate "2022.??.??"]
[TimeControl "60"]

1. c4 e6 2. Nf3 d5 3. g3 Nf6 4. Bg2 Be7 5. O-O O-O 6. d4 c6 7. Nc3 Nbd7 8. Qd3 b6 9. b3 a5 {
[%emt 0:10:31] E07: Closed Catalan: Main Line (5 Nf3 0-0 6 0-0 Nbd7).} 10. e4 Ba6 11. e5 Ne8 {[%emt 0:01:26] White is slightly better.} 12. a4 Nc7 13. Rd1 {[%emt 0:07:35] [#]} h6 $146 ({Predecessor:} 13... Rc8 14. h4 c5 15. Nb5 cxd4 16. Qxd4 Nc5 17. Qg4 Bxb5
18. cxb5 Nxb3 19. Bh6 Ne8 20. Rab1 Rc4 21. Qxc4 dxc4 22. Rxd8 Bxd8 23. Be3 Nc7
24. Nd4 {½-½ (24) Andreikin,D (2729)-Maghsoodloo,P (2699) Chess. com INT 2022
}) 14. h4 Rb8 15. Bf4 (15.
Nh2 $14) 15... b5 $11 16. cxb5 cxb5 17. Qc2 Rc8 18. Rdc1 Bb4 19. Qd1 Nb6 20. Nh2 bxa4 21. Nxa4 Nxa4 22. bxa4 Qe7 {[%emt 0:
09:44] [#]} (22... Ne8 $11 {keeps the balance.}) 23. Ng4 $1 $16 Na8 $2 {[%emt 0:01:10] [#] A mistake that costs the game.} (23... Ne8 $16 {
is tougher.}) 24. Bxh6 $1 $18 {[%emt 0:02:36] White is clearly winning.} gxh6 (24... f5 $142 25. exf6 gxf6 26. Bxf8 Rxf8) 25. Nf6+ Kg7 26. Qg4+ Kh8 27.
Qf4 Kg7 {[%emt 0:00:18] [#]} 28. Bxd5 $1 {[%emt 0:
01:28] White wants to mate with Nh5+.} Bd3 (28... Rh8 29. Rxc8
) 29. Nh5+ Kh7 30. Be4+ {[%emt 0:00:11]
Weighted Error Value: White=0.04 (flawless) /Black=0.67} 1-0

[Event "44th Chess Olympiad Open 2022"]
[Site "Chennai"]
[Date "2022.07.31"]
[Round "3.1"]
[White "Erigaisi Arjun"]
[Black "Mastrovasilis, Athanasios"]
[Result "1-0"]
[WhiteElo "2689"]
[BlackElo "2527"]
[Annotator "TA"]
[PlyCount "101"]
[EventDate "2022.??.??"]
[TimeControl "60"]

1. d4 d5 2. c4 e6 3. Nc3 Nf6 4. cxd5 exd5 5. Bg5 c6 6. e3 h6 7. Bh4 Be7 8. Bd3 Nbd7 {[%emt 0:00:58] D35: Queen's Gambit Declined: Exchange Variation.}
9. f3 O-O 10. Nge2 Re8 {
[%emt 0:01:18] The position is equal.} 11. O-O b5 12. Bf2 a6 13. Rc1 Bb7 14. Bf5 c5 15. dxc5 Bxc5 16. Nd4 {[%emt 0:00:23] [#]} Bb6 $146 ({Predecessor:} 16... Qe7 17. Bh3 g6 18. Re1 Bb6 19. Bh4 Qd6
20. Kh1 Nh5 21. a4 Ne5 {½-½ (23) Tasic,V (2389)-Hofer,R (2381) ICCF email
2019}) 17. Qd2 Ne5 18. b3 {[%emt 0:00:33]
Against Nc4} g6 19. Bb1 Rc8 20. Nce2 Qe7 21. Nf4 Qa3 22. Rcd1 Ba5 23. Qe2 Bc3 24. Be1 Qe7 25. Kh1 Bxe1 26. Qxe1 Qf8 27. h4 h5 28. Qg3 Qg7 {[%emt 0:00:31] [#]} (28... Kh8 $14) 29. Nfe6
$1 $16 fxe6 30. Qxe5 Nd7 31.
Qg5 Nf8 32. f4 e5 ({Black should play} 32... Rc3) 33. fxe5 Rxe5 34. Qg3 Rce8 35. Rfe1 {
[%emt 0:02:03] White is more active.} (35. Rf3 $16) 35... Bc8 36. Rc1 Bg4 (36... Bd7 $14) 37. b4 (37. Rc6 $16) 37... g5 38. hxg5 (38.
Rc6 $16) 38... Qxg5 $11 39. Rc3 (
39. Qf2 $5 ) 39... R5e7 (39... Nd7 $1 $11) 40.
Nf5 $14 Re5 {[%emt 0:00:38] [#]} 41. Rf1 Qf6 42. Rcc1 {[%emt 0:07:51][%cal Yc3c1,Yc1c7,Yc7h7]
Kh2 is the strong threat.} Kh8 43. Nh4 $36 {
[%emt 0:00:25] White is really pushing.} Rxe3 {[%emt 0:00:46] Threatens to win
with ...Qxf1+.} 44. Rxf6 {[%emt 0:00:06] Threatening mate with Qf4.} Rxg3 45. Rc7 Be6 $2 {[%emt 0:04:37] This move
loses the game for Black.} (45... d4 $16) 46. Ng6+ $18 Nxg6 47. Bxg6 Rc8 (47... Rxg6 $142
48. Rxg6 d4) 48. Rh7+ Kg8 49. Ra7
{[%emt 0:02:33] aiming for Bh7+.} ({Worse is} 49. Rxe6 {[#]} Rxg6 $1 50. Rxg6+
Kxh7 51. Rxa6 Rd8 $11) 49... Bg4 50. Bf7+ Kh8 51. Bxd5 {[%emt 0:00:41] Weighted Error Value: White=0.13 
(very precise) / Black=0.49} 1-0

[Event "44th Chess Olympiad Open 2022"]
[Site "Chennai"]
[Date "2022.07.31"]
[Round "3.1"]
[White "Theodorou, Nikolas"]
[Black "Vidit, Santosh Gujrathi"]
[Result "1/2-1/2"]
[WhiteElo "2575"]
[BlackElo "2714"]
[Annotator "TA"]
[PlyCount "60"]
[EventDate "2022.??.??"]
[TimeControl "60"]

1. d4 Nf6 2. c4 e6 3. Nf3 d5 4. g3 Be7 5. Bg2 O-O 6. O-O dxc4 7. Qc2 a6 8. a4 Bd7 9. Qxc4 Bc6 10. Bg5 Bd5 11. Qc2 Be4 12.
Qc1 Nc6 13. Bxf6 {[%emt 0:15:47] E05: Open
Catalan: 5 Nf3 Be7.} Bxf6 {[%emt 0:04:26] The position is equal.} 14. e3 e5 {[%emt 0:08:05] [#]} 15. dxe5 $146 ({
Predecessor:} 15. Nxe5 Bxg2 16. Kxg2 Nxe5 17. dxe5 Qd5+ 18. Kg1 Qxe5 19. Nc3
Rad8 20. Qc2 Qc5 21. Rac1 Bxc3 22. Qxc3 Qxc3 23. Rxc3 {½-½ (63) Badzgaradze,
E (1903)-Shafigullina,Z (2117) Moscow 2018}) 15... Bxf3 16.
Bxf3 Nxe5 17. Bg2 ({But not
} 17. Bxb7 Rb8 18. Bg2 {[#]} (18. Bxa6 $2 Nf3+ 19. Kh1 Bxb2 $19) 18... Nf3+ $1
19. Bxf3 Bxb2 $17) 17... c6 18. Rd1 Qb6 19. Qc2 Rad8 {[%emt 0:03:00][%cal Yb6b2] [#]
Threatens to win with ...Qxb2!} 20. Nd2 Qb4 21. Ne4 Be7 22.
b3 f5 23. Nc3 g6 24. Ne2 Rxd1+ 25. Rxd1 Rd8 26. Nd4 Kf7 27. h3 Rd6 28. Nf3 Nxf3+ 29. Bxf3 Rxd1+ 30. Qxd1 Qd6 {[%emt 0:00:16] A balanced but interesting game. Weighted Error Value:
White=0.02 (flawless) /Black=0.00 (flawless)} 1/2-1/2

[Event "44th Chess Olympiad Open 2022"]
[Site "Chennai"]
[Date "2022.07.31"]
[Round "3.1"]
[White "Ioannidis, Evgenios"]
[Black "Sasikiran, Krishnan"]
[Result "1/2-1/2"]
[WhiteElo "2459"]
[BlackElo "2638"]
[Annotator "RC"]
[PlyCount "131"]
[EventDate "2022.??.??"]
[TimeControl "60"]

1. d4 Nf6 2. c4 e6 3. Nc3 Bb4 4. e3 O-O 5. Bd2 d5 6. Nf3 Nbd7 7. Bd3 dxc4 8.
Bxc4 b6 9. Qe2 Bb7 10. O-O c5 11. a3 Bxc3 12. Bxc3 Ne4 13. Rfd1 Nxc3 14. bxc3 Qc7 15. a4 Rfd8 16. Ba6 Nf6 17. Bxb7 Qxb7 18. Ne5 Qc7 19. Qb5 Nd5 20. Qb2 Rac8 21. Rdc1 Rb8 22. Nd3 h6 23. h3 Rdc8 24. c4 Ne7 25. dxc5 bxc5 26. Qc3 Nf5 27. Rab1 Nd6 28. Rxb8 Rxb8 29. Qe5 Rc8 30. g4 Qc6 31. Qf4 f6 32. Ne1 Nf7 33. a5 Rd8 34. Qf3 Qa4 35.
Qb7 Qxa5 36. Nf3 Qb6 37. Qe4 Re8 38. Rb1 Nd6 39. Rxb6 Nxe4 40. Ra6 Re7 41. Ne1 e5 42. Ra5 Rc7 43. Nd3 Kf7 44. Kg2 Nd6 45.
Nxc5 Nxc4 46. Rb5 Nd6 47. Ra5 Nc4 48. Rb5 a5 49. Kf3 Ra7 50.
Na4 Ke7 51. Rc5 Nd2+ 52. Ke2 Ne4 53. Rc4 Nd6 54. Rc5 g6 55.
Kf3 Ke6 56. Rc6 Kd7 57. Rc1 Ke7 58. Rc5 h5 59. g5 fxg5 60.
Rxe5+ Kf6 61. Rc5 Nf7 62. Rc6+ Kg7 63. Rc5 Kf6 64. Rc6+ Kg7 65. Rc5 Kf6 66. Ke4 1/2-1/2

[Event "44th Chess Olympiad Open 2022"]
[Site "Chennai"]
[Date "2022.07.31"]
[Round "3.2"]
[White "Aronian, Levon"]
[Black "Mchedlishvili, Mikheil"]
[Result "1-0"]
[WhiteElo "2775"]
[BlackElo "2593"]
[Annotator "TA"]
[PlyCount "119"]
[EventDate "2022.??.??"]
[TimeControl "60"]

1. c4 c6 2. Nf3 d5 3. g3 Nf6 4. Bg2 dxc4 5. O-O Nbd7 6. Qc2 Nb6 7. Na3 Be6 {[%emt 0:01:10] A11: English Opening: 1...c6.} 8. Ne5 (8. Ng5 $5 ) 8... h5 {[%emt 0:01:17] 8...h5 scores better
than 8...Qd4.} (8... Qd4 {feels hotter.} 9. Nxc6 bxc6 10. Bxc6+ Nfd7) 9. Naxc4 Nxc4 {[%emt 0:01:25] The position is equal.} 10. Nxc4 h4 11. Ne5 hxg3 12. hxg3 Qd4 13.
Qc3 ({Wrong is} 13. Bxc6+ $2 Kd8 14. Qc3 (14. Bxb7 $2 Qxe5 15.
Qd3+ Nd5 $19) 14... Qxc3 15. dxc3 bxc6 16. Nxc6+ Ke8 $19) 13... Rd8 14. Qxd4 Rxd4 {[%emt 0:00:07] [#]} 15. d3 $146 ({Predecessor:} 15. b3 Rh5 16. Nd3 Bf5 17. Bf3 Rh8 18. Ne5 Be4
19. Kg2 Rd5 20. d3 Bxf3+ 21. Nxf3 {½-½ (40) Quinones Borda,J (2281)-Szabo,V 
(2423) LSS email 2018}) 15... a6 16. Bd2 Bh3 17. Rfc1 Bxg2 18. Kxg2 g6 19. Rc4 Rd5 20. Bc3 Rh5 21. f4 Nd7 22. Nf3 e6 23.
g4 Rh7 24. g5 Bd6 25. a4 Kd8 26. b3 e5 27. fxe5 Nxe5 28. Bxe5 Bxe5 29. d4 Bc7 30. e4 Rd7 31. b4 Rh8 32. Rac1 Re8 33. e5 Bb6 34. Rh1 Rd5 (34... Ke7 {is more complex.} 35. Kf2 Ke6 36. Ke3
Rd5) 35. Kg3 Ke7 36. Kf4 Rdd8 37. Ke4 Rh8 38. Rcc1 Rxh1 39. Rxh1 $11 {[%emt 0:02:35]
Endgame KRB-KRN} Rd5 $1 40. Rh8 {[%emt 0:03:29] Strongly
threatening Rb8.} Rd8 {[%emt 0:00:18] Against Rb8} 41. Rh7 Ke6 (41... Rd7 $11) 42. a5 $16 Ba7 43. Rh1 Ke7 44. Kd3 Ke6 45. Rh4 Ke7 (45... c5 $16)
46. Nd2 $1 $18 c5 47. bxc5 Bxc5 48. Kc3 Ba7 49. Nc4 {
[%emt 0:00:33] Against b6} Bb8 (49... Rd5 $142 50. Kd3 Bc5)
50. Kd3 $1 Rd5 $2 {[%emt 0:02:05] [#]} (50... Ba7 {is a
better chance.} 51. Nd6 b5 52. axb6 Bxb6) 51. Ke4 $1 Rb5 52. Rh8 Bc7 53. Ne3 {[%emt 0:
02:21] Black must now prevent Nd5+.} Bxa5 54. Nd5+ Kd7 55. Rf8 Bd8 {[%emt 0:00:31] [#]} 56. Nf6+ $1 Kc8 57. Rxf7 a5 58. e6 {[%emt 0:00:36] White threatens Nd5 and mate.} a4 59. e7 (59. Nd5 $142 {Threatening mate with Rf8.} Rb1 60. Ke5)
59... Bxe7 60. Rxe7 {[%emt 0:00:04] Weighted Error Value:
White=0.14 (very precise) /Black=0.23 (precise)} 1-0